[Event "Titled Tuesday Blitz May 23 Late 2023"]
[White "MKlose11"]
[Black "Vadim_Galchenko"]
[WhiteElo "2653"]
[BlackElo "2398"]
[Result "0-1"]
[Round "06"]
[TimeControl "180+2"]
[Date "2023.05.23"]
[WhiteClock "0:00:20"]
[BlackClock "0:00:41"]

1. e4 e6 2. Nf3 d5 3. e5 c5 4. b4 cxb4 5. a3 Nc6 6. d4 Bd7 7. Bd3 b5 8. O-O a5 9. Qe2 Qb6 10. Be3 Rb8 11. h4 h5 12. c3 b3 13. Nbd2 a4 14. Ng5 Na5 15. f4 g6 16. Qf3 Nh6 17. Nde4 dxe4 18. Nxe4 Be7 19. d5 Qb7 20. d6 Bd8 21. Qe2 Nf5 22. Bf2 Nc4 23. Nc5 Qc8 24. Bxc4 bxc4 25. Qxc4 Bb6 26. Qb4 Bxc5 27. Qxc5 Qxc5 28. Bxc5 O-O 29. Bb4 Rfc8 30. Kf2 Nxh4 31. g3 Nf5 32. Rh1 Kg7 33. Rhe1 Rc4 34. Rad1 Rbc8 35. Rd3 g5 36. fxg5 Kg6 0-1


[Site "https://www.chess.com"]

[Event "Titled Tuesday Blitz May 23 Late 2023"]
[White "Camilla_Lee"]
[Black "ArchibaldCerveza29"]
[WhiteElo "2651"]
[BlackElo "2394"]
[Result "0-1"]
[Round "06"]
[TimeControl "180+2"]
[Date "2023.05.23"]
[WhiteClock "0:01:09"]
[BlackClock "0:00:20"]

1. e4 e5 2. Nf3 Nc6 3. Nc3 Nf6 4. d4 exd4 5. Nd5 Nb4 6. Bc4 Nbxd5 7. exd5 Bb4+ 8. Bd2 Qe7+ 9. Qe2 Bxd2+ 10. Kxd2 Ne4+ 11. Kd3 f5 12. Nxd4 Kd8 13. Nxf5 Nc5+ 14. Kd2 Qf6 15. g4 Re8 16. Ne3 Qxb2 17. Rab1 Ne4+ 18. Ke1 Qc3+ 19. Kd1 Qd4+ 20. Bd3 Nc3+ 21. Kd2 Nxe2 22. Kxe2 d6 23. Rhe1 Bxg4+ 24. Kd2 Bf3 25. Rxb7 Bxd5 26. Rxc7 Kxc7 27. Rb1 Bc6 28. a3 Rab8 29. Rg1 g6 30. Rg4 Qb2 31. Rc4 d5 32. Nxd5+ Kd6 33. Nb4 Rxb4 34. axb4 Qa1 35. c3 Qe1+ 36. Kc2 Qxf2+ 37. Kb3 Bd5 0-1


[Site "https://www.chess.com"]

[Event "Titled Tuesday Blitz May 23 Late 2023"]
[White "Qiao, Cindy"]
[Black "Denishev, Marat"]
[WhiteFideId "2620243"]
[BlackFideId "24131563"]
[WhiteElo "1777"]
[BlackElo "2311"]
[Result "1-0"]
[Round "06"]
[TimeControl "180+2"]
[Date "2023.05.23"]
[WhiteClock "0:00:08"]
[BlackClock "0:00:00"]

1. d4 Nf6 2. Bf4 c5 3. e3 Qb6 4. Nc3 e6 5. Rb1 d5 6. Nf3 Nc6 7. Nb5 e5 8. dxe5 Nh5 9. Qxd5 Nxf4 10. exf4 Be6 11. Qe4 g6 12. Be2 Bf5 13. Qa4 Be7 14. O-O O-O 15. Rfd1 Nb4 16. Rbc1 Rad8 17. c3 Nc6 18. Qb3 a6 19. Na3 Qc7 20. Rxd8 Rxd8 21. Rd1 Re8 22. Nc4 Be6 23. Qc2 b5 24. Nd6 Rd8 25. Ne4 Bf5 26. Rxd8+ Qxd8 27. Nfd2 Qa5 28. a3 c4 29. h3 h5 30. Bf3 Qd8 31. Nf1 Na5 32. Ne3 Be6 33. Qd2 Qc8 34. Nd6 Qc7 35. Nd5 Qd7 36. Nxe7+ Qxe7 37. Qe3 Nb3 38. Qb6 Nd2 39. Bb7 Qh4 40. Qe3 Nb3 41. Bxa6 Qe7 42. Bxb5 Qc7 43. Qe4 Nd2 44. Qd4 Nb3 45. Qe3 Nc5 46. Bxc4 Bxc4 47. Nxc4 Nb3 48. Nd6 Qb8 49. Qd3 Nc5 50. Qd5 Ne6 51. b4 Qc7 52. c4 Qa7 53. Qa5 Qd4 54. Qa8+ Kh7 55. Qf3 Qa1+ 56. Kh2 Nd4 57. Qe4 Qb2 58. Nxf7 Ne2 59. Ng5+ Kh6 60. Qf3 Nd4 61. Ne4 Qc1 62. Qg3 g5 63. Qxg5+ Kh7 64. Nf6+ 1-0


[Site "https://www.chess.com"]

[Event "Titled Tuesday Blitz May 23 Late 2023"]
[White "Ambartsumova, Karina"]
[Black "KorolDimitriy75"]
[WhiteFideId "4166299"]
[WhiteElo "2240"]
[BlackElo "2385"]
[Result "0-1"]
[Round "06"]
[TimeControl "180+2"]
[Date "2023.05.23"]
[WhiteClock "0:00:05"]
[BlackClock "0:00:07"]

1. e4 c5 2. Nf3 d6 3. Bb5+ Nd7 4. c4 Nf6 5. O-O g6 6. Nc3 Bg7 7. d4 cxd4 8. Nxd4 O-O 9. Bg5 Nc5 10. Re1 a6 11. Ba4 Nxa4 12. Nxa4 Qa5 13. Bd2 Qc7 14. Rc1 Bd7 15. Nf3 Bc6 16. Nc3 Rfc8 17. Nd5 Bxd5 18. cxd5 Qb6 19. Bc3 Ng4 20. Nd4 Ne5 21. Kh1 Nc4 22. Re2 Rc7 23. Rec2 Rac8 24. h4 h5 25. Qd3 Bf6 26. g3 Kg7 27. Kg2 Qa7 28. Ne2 b5 29. Bxf6+ exf6 30. Qd4 Qb7 31. Nf4 Ne5 32. Nd3 Rxc2 33. Rd1 Nxd3 34. Qxd3 Rxb2 35. Qa3 Rcc2 36. Qxd6 Rxf2+ 37. Kg1 Qc8 38. Rf1 Rg2+ 39. Kh1 Rh2+ 40. Kg1 Rbg2# 0-1


[Site "https://www.chess.com"]

[Event "Titled Tuesday Blitz May 23 Late 2023"]
[White "Sourath Biswas"]
[Black "Davidson, Kevin"]
[WhiteFideId "35091484"]
[BlackFideId "2056810"]
[WhiteElo "2171"]
[BlackElo "2151"]
[Result "1-0"]
[Round "06"]
[TimeControl "180+2"]
[Date "2023.05.23"]
[WhiteClock "0:00:37"]
[BlackClock "0:00:08"]

1. d4 Nf6 2. Bf4 g6 3. Nc3 Bg7 4. e4 d6 5. Qd2 c6 6. O-O-O b5 7. f3 b4 8. Nb1 a5 9. Bh6 Bxh6 10. Qxh6 a4 11. h4 Be6 12. e5 dxe5 13. dxe5 Nd5 14. h5 Nd7 15. hxg6 fxg6 16. Nh3 Nxe5 17. Ng5 Qd6 18. Ne4 Qc7 19. Ng5 Qd7 20. Qg7 Rg8 21. Qxe5 Bf5 22. Rxh7 Rd8 23. Rh8 1-0


[Site "https://www.chess.com"]

[Event "Titled Tuesday Blitz May 23 Late 2023"]
[White "Gerbelli Neto, Eduardo"]
[Black "Ollier, Pablo"]
[WhiteFideId "2103281"]
[BlackFideId "652318"]
[WhiteElo "2178"]
[BlackElo "2560"]
[Result "0-1"]
[Round "06"]
[TimeControl "180+2"]
[Date "2023.05.23"]
[WhiteClock "0:00:04"]
[BlackClock "0:00:14"]

1. e4 e5 2. Nf3 Nc6 3. d4 exd4 4. Bc4 Nf6 5. O-O Nxe4 6. Re1 d5 7. Bxd5 Qxd5 8. Nc3 Qh5 9. Rxe4+ Be6 10. Nxd4 Qxd1+ 11. Nxd1 O-O-O 12. Be3 Nxd4 13. Rxd4 Be7 14. Nc3 Bf6 15. Rxd8+ Rxd8 16. a3 Bf5 17. Rc1 b6 18. f3 c5 19. Kf2 g5 20. g4 Bg6 21. Ke2 Kb7 22. h4 h6 23. hxg5 hxg5 24. Bd2 Kc6 25. b4 Be5 26. bxc5 Rxd2+ 27. Kxd2 Bf4+ 28. Kd1 Bxc1 29. Kxc1 Kxc5 30. Kd2 Kc4 31. Ne2 f6 32. f4 Be8 33. fxg5 fxg5 34. Ke3 Bd7 35. Kf3 a5 36. Ng3 a4 37. Ne4 Bc6 38. Ke3 Bxe4 39. Kxe4 b5 40. Kf5 b4 41. axb4 a3 42. Kxg5 a2 43. Kf5 a1=Q 44. g5 Qg7 0-1


[Site "https://www.chess.com"]

[Event "Titled Tuesday Blitz May 23 Late 2023"]
[White "Ibadov, Dashgyn"]
[Black "Mickiewicz, Piotr"]
[WhiteFideId "24107514"]
[BlackFideId "1114891"]
[WhiteElo "2208"]
[BlackElo "2246"]
[Result "0-1"]
[Round "06"]
[TimeControl "180+2"]
[Date "2023.05.23"]
[WhiteClock "0:00:00"]
[BlackClock "0:00:22"]

1. e4 e6 2. d4 c5 3. Nf3 cxd4 4. Nxd4 a6 5. Nc3 b5 6. a3 Qc7 7. g3 Bc5 8. Nb3 Be7 9. Bg2 Bb7 10. O-O h5 11. Re1 h4 12. Bf4 d6 13. e5 d5 14. Qg4 hxg3 15. hxg3 g6 16. Nd4 Qb6 17. Be3 Nh6 18. Qh3 Qc7 19. Bxh6 Qb6 20. Rad1 Bf8 21. Qg4 Rxh6 22. Nce2 Nd7 23. Nf4 Be7 24. Nfxe6 fxe6 25. Nxe6 Nf8 26. Nd4 Kf7 27. Qf4+ Kg7 28. e6 Qd6 29. Qf7+ Kh8 30. Nf3 Rh7 0-1


[Site "https://www.chess.com"]

[Event "Titled Tuesday Blitz May 23 Late 2023"]
[White "Ammar, Sedrani"]
[Black "OPQRC"]
[WhiteFideId "9312331"]
[WhiteElo "2115"]
[BlackElo "2540"]
[Result "0-1"]
[Round "06"]
[TimeControl "180+2"]
[Date "2023.05.23"]
[WhiteClock "0:00:37"]
[BlackClock "0:01:09"]

1. d4 Nf6 2. c4 e6 3. Nf3 d5 4. Nc3 c5 5. cxd5 Nxd5 6. e4 Nxc3 7. bxc3 cxd4 8. cxd4 Bb4+ 9. Bd2 Bxd2+ 10. Qxd2 O-O 11. Bc4 Nd7 12. O-O b6 13. Rfe1 Bb7 14. Rad1 Rc8 15. Bb3 Re8 16. Qf4 Qc7 17. Qh4 h6 18. Re3 Qd8 19. Qg3 Nf6 20. e5 Nd5 21. Red3 a5 22. Ba4 Re7 23. Nd2 Ba6 24. Rb3 b5 25. Bxb5 Bxb5 26. Rxb5 Nc3 27. Kf1 Nxb5 28. Ne4 Kh8 29. Qe3 Qd5 30. g4 Qc4+ 31. Kg2 Nc3 32. Nf6 Nxd1 33. Qh3 Nxf2 34. Qh4 Qxd4 0-1


[Site "https://www.chess.com"]

[Event "Titled Tuesday Blitz May 23 Late 2023"]
[White "FuenfgegenWilly"]
[Black "Martic, Ivan"]
[BlackFideId "929301"]
[WhiteElo "2366"]
[BlackElo "2360"]
[Result "0-1"]
[Round "06"]
[TimeControl "180+2"]
[Date "2023.05.23"]
[WhiteClock "0:00:00"]
[BlackClock "0:00:06"]

1. b3 e5 2. Bb2 Nc6 3. e3 Nf6 4. c4 Be7 5. d3 O-O 6. Nf3 d6 7. Be2 Re8 8. O-O Bf8 9. Nc3 a6 10. Rc1 Ne7 11. b4 Ng6 12. Ne4 c6 13. a3 Nd7 14. Ng3 Nf6 15. Qb3 Bg4 16. Rfd1 h5 17. a4 h4 18. Nf1 h3 19. g3 Nh7 20. Nd4 Bxe2 21. Nxe2 Ng5 22. Nd2 Qd7 23. f3 d5 24. cxd5 cxd5 25. Kf2 Rac8 26. b5 a5 27. Rxc8 Rxc8 28. Rc1 Rxc1 29. Bxc1 Bb4 30. f4 exf4 31. exf4 Nh7 32. Nf3 Nf6 33. Ned4 Bc5 34. Kf1 Ng4 35. Qc3 Bxd4 36. Qxd4 Qc7 37. Qb2 Ne7 38. Ne5 Nxe5 39. fxe5 Qd7 40. Bf4 Qf5 41. Ke2 g5 42. Be3 Qg4+ 43. Kf2 Qd1 44. Qd4 Qh1 45. Qg4 Qg2+ 46. Ke1 Qxh2 47. Qxg5+ Ng6 48. Qd8+ Kh7 49. Qd7 Qxg3+ 50. Kd2 Qg2+ 51. Kc3 d4+ 52. Kxd4 Qb2+ 53. Ke4 Qxe5+ 54. Kf3 Qf6+ 55. Kg3 Ne5 56. Qd5 h2 57. Qe4+ Qg6+ 58. Kxh2 Ng4+ 59. Kg3 Qxe4 0-1


[Site "https://www.chess.com"]

[Event "Titled Tuesday Blitz May 23 Late 2023"]
[White "Figorito, Nick"]
[Black "Kim, Sergey"]
[WhiteFideId "30923689"]
[BlackFideId "13700570"]
[WhiteElo "2363"]
[BlackElo "2487"]
[Result "1-0"]
[Round "06"]
[TimeControl "180+2"]
[Date "2023.05.23"]
[WhiteClock "0:01:15"]
[BlackClock "0:01:17"]

1. Nf3 Nf6 2. g3 g6 3. Bg2 Bg7 4. O-O d6 5. c4 O-O 6. Nc3 e5 7. d3 c6 8. Rb1 Re8 9. e4 a5 10. a3 Nbd7 11. b4 axb4 12. axb4 h6 13. b5 Nc5 14. Be3 Ne6 15. Qd2 Kh7 16. Rfe1 Ng4 17. bxc6 bxc6 18. Bb6 Qe7 19. h3 Nf6 20. d4 Nd7 21. d5 Nxb6 22. Rxb6 cxd5 23. Qxd5 Ra3 24. Nb5 Ra2 25. c5 Rb2 26. Nxd6 Rd8 27. Rxb2 Nxc5 28. Qxc5 Rxd6 29. Qxc8 1-0


[Site "https://www.chess.com"]

[Event "Titled Tuesday Blitz May 23 Late 2023"]
[White "cristianserban1"]
[Black "Evdokimov, Alexey"]
[BlackFideId "24162450"]
[WhiteElo "2481"]
[BlackElo "2154"]
[Result "0-1"]
[Round "06"]
[TimeControl "180+2"]
[Date "2023.05.23"]
[WhiteClock "0:00:00"]
[BlackClock "0:01:49"]

1. e4 c6 2. d4 d5 3. exd5 cxd5 4. Bd3 Nc6 5. c3 Nf6 6. Bf4 Bg4 7. Qb3 Qd7 8. Nd2 e6 9. Ngf3 Bxf3 10. Nxf3 Bd6 11. Bxd6 Qxd6 12. O-O O-O 13. Rfe1 Qc7 14. Ne5 Nxe5 15. Rxe5 Rab8 16. a4 a6 17. Qd1 b5 18. axb5 axb5 19. g4 b4 20. g5 Nd7 21. Re3 g6 22. Rc1 bxc3 23. bxc3 Qf4 24. Rg3 Rb2 25. Rc2 Rfb8 26. Rxb2 Rxb2 27. Qf3 Qc1+ 28. Kg2 Qxc3 29. Qf4 Qd2 30. Qf3 e5 0-1


[Site "https://www.chess.com"]

[Event "Titled Tuesday Blitz May 23 Late 2023"]
[White "Jimenez Almeida, Luis David"]
[Black "Chabris, Christopher"]
[WhiteFideId "22242244"]
[BlackFideId "2005263"]
[WhiteElo "2245"]
[BlackElo "2361"]
[Result "1-0"]
[Round "06"]
[TimeControl "180+2"]
[Date "2023.05.23"]
[WhiteClock "0:00:14"]
[BlackClock "0:00:00"]

1. e4 e5 2. Nf3 Nc6 3. Bb5 a6 4. Ba4 Nf6 5. O-O Be7 6. Re1 b5 7. Bb3 d6 8. c3 O-O 9. d3 Bb7 10. Nbd2 h6 11. Nf1 Re8 12. Ng3 Bf8 13. h3 Na5 14. Bc2 c5 15. a4 b4 16. c4 Nc6 17. Be3 g6 18. Qd2 Kh7 19. Bd1 Bc8 20. Nh2 Rb8 21. b3 a5 22. f4 exf4 23. Bxf4 Bg7 24. Rb1 Nd4 25. Kh1 Ne6 26. Be3 Nd7 27. Rf1 Ne5 28. Ng4 Nxg4 29. Bxg4 Rb7 30. Ne2 h5 31. Bf3 Be5 32. d4 cxd4 33. Nxd4 Nc5 34. Nc6 Qc7 35. Nxe5 dxe5 36. Qd5 Ne6 37. c5 Rd8 38. Qc4 Ra7 39. Rfd1 Ba6 40. Qc2 Nd4 41. Qf2 Qxc5 42. Rbc1 Qb6 43. g4 hxg4 44. Qh4+ Kg8 45. hxg4 Nxf3 46. Bxb6 Rxd1+ 47. Rxd1 Nxh4 48. Bxa7 Be2 49. Rd8+ Kg7 50. g5 Bf3+ 51. Kg1 Bxe4 52. Bb6 Nf3+ 53. Kf2 Nxg5 54. Bxa5 Ne6 55. Rd6 Bc2 56. Bxb4 Bxb3 57. a5 Bc4 58. a6 Nc7 59. a7 f5 60. Rd7+ Kf6 61. Rxc7 Bd5 62. Rc8 e4 63. a8=Q Bxa8 64. Rxa8 Ke5 65. Bc3+ Kf4 66. Bd2+ Kg4 67. Ra3 g5 68. Rg3+ Kh4 69. Rxg5 1-0


[Site "https://www.chess.com"]

[Event "Titled Tuesday Blitz May 23 Late 2023"]
[White "Sarkar, Justin"]
[Black "Blitz"]
[WhiteFideId "2010011"]
[WhiteElo "2168"]
[BlackElo "2470"]
[Result "0-1"]
[Round "06"]
[TimeControl "180+2"]
[Date "2023.05.23"]
[WhiteClock "0:00:00"]
[BlackClock "0:00:05"]

1. e4 c5 2. Nf3 d6 3. d4 cxd4 4. Nxd4 Nf6 5. Nc3 a6 6. Qf3 Nbd7 7. Be3 Qc7 8. O-O-O b5 9. e5 Bb7 10. exd6 Bxf3 11. dxc7 Bxd1 12. Kxd1 Rc8 13. a4 e5 14. Nb3 bxa4 15. Bxa6 Rxc7 16. Nxa4 Nd5 17. Bb5 Nxe3+ 18. fxe3 Kd8 19. c4 Bd6 20. Ke2 Ke7 21. Rd1 Rb8 22. Nc3 Nf6 23. Na5 Rbc8 24. Nd5+ Nxd5 25. Rxd5 Ke6 26. Nb3 Rb8 27. e4 f5 0-1


[Site "https://www.chess.com"]

[Event "Titled Tuesday Blitz May 23 Late 2023"]
[White "Alexikov, Alexander"]
[Black "Goncalves, Davi Sulzbacher"]
[WhiteFideId "14103958"]
[BlackFideId "2154510"]
[WhiteElo "2186"]
[BlackElo "2182"]
[Result "1-0"]
[Round "06"]
[TimeControl "180+2"]
[Date "2023.05.23"]
[WhiteClock "0:00:04"]
[BlackClock "0:00:02"]

1. e4 c6 2. d4 d5 3. Nc3 dxe4 4. Nxe4 Nd7 5. Nf3 Ngf6 6. Bd3 Nxe4 7. Bxe4 Nf6 8. Bd3 Bg4 9. c3 Qd5 10. Be2 O-O-O 11. O-O e6 12. Bf4 h5 13. Ne5 Bd6 14. f3 Bf5 15. Bc4 Qa5 16. b4 Qa3 17. Qb3 Qxb3 18. axb3 a6 19. Bg5 Rdf8 20. Rfe1 Nd7 21. Nxd7 Kxd7 22. Ra5 h4 23. Bf1 Bc2 24. Ra3 Rh5 25. Bd2 Rg8 26. Rc1 Bf5 27. Ra5 g5 28. h3 f6 29. Bc4 Rh7 30. Rxf5 exf5 31. Bxg8 Re7 32. Re1 Rxe1+ 33. Bxe1 b5 34. Bf7 Ke7 35. Bh5 Bf4 36. Kf1 Bc1 37. Ke2 Bf4 38. Kd3 Bd6 39. Bd2 Bg3 40. c4 Bd6 41. d5 cxd5 42. c5 Be5 43. Bc3 Bf4 44. Bg6 Ke6 45. Bd4 Bc7 46. c6 Kd6 47. Bxf6 g4 48. Bxf5 gxf3 49. gxf3 Kxc6 50. Bxh4 Bd6 51. Bf2 Bxb4 52. Be6 Bd6 53. Bf7 Be5 54. h4 Bd6 55. h5 Be5 56. h6 Bf6 57. Bd4 Be5 58. Bxe5 Kc5 59. h7 Kb4 60. h8=Q a5 61. Qb8 a4 62. bxa4 Ka3 63. Bxd5 b4 64. Bd6 Kb2 65. Qxb4+ Ka1 66. Qc3+ Kb1 67. Qc2+ Ka1 68. Qa2# 1-0


[Site "https://www.chess.com"]

[Event "Titled Tuesday Blitz May 23 Late 2023"]
[White "Smiechu"]
[Black "Urbina Perez, Juan Antonio"]
[BlackFideId "2217368"]
[WhiteElo "2350"]
[BlackElo "2197"]
[Result "1-0"]
[Round "06"]
[TimeControl "180+2"]
[Date "2023.05.23"]
[WhiteClock "0:02:10"]
[BlackClock "0:02:04"]

1. e4 c5 2. Nf3 d6 3. d4 cxd4 4. Nxd4 Nf6 5. Nc3 a6 6. Be3 e5 7. Nb3 Be6 8. Qd2 Be7 9. O-O-O O-O 10. f4 Qc7 11. f5 Bc4 12. g4 Nxg4 13. Rg1 Nxe3 14. Qxe3 Kh8 15. Bxc4 Qxc4 16. Nd5 Bd8 17. f6 g6 18. Qh6 Rg8 19. Rd3 Qxe4 20. Qxh7+ Kxh7 21. Rh3+ 1-0


[Site "https://www.chess.com"]

[Event "Titled Tuesday Blitz May 23 Late 2023"]
[White "Le Goff, Ronan"]
[Black "Celestino, Rafael Teixeira"]
[WhiteFideId "612073"]
[BlackFideId "2108925"]
[WhiteElo "2275"]
[BlackElo "2349"]
[Result "0-1"]
[Round "06"]
[TimeControl "180+2"]
[Date "2023.05.23"]
[WhiteClock "0:02:03"]
[BlackClock "0:01:28"]

1. d4 Nf6 2. Nf3 e6 3. c4 d5 4. Nc3 Bb4 5. cxd5 exd5 6. Bg5 h6 7. Bxf6 Qxf6 8. Rc1 O-O 9. e3 Bg4 10. Be2 Nd7 11. O-O c6 12. a3 Bd6 13. b4 Qe7 14. Qb3 a6 15. Rfe1 Nf6 16. Rb1 Ne4 17. Nxe4 Qxe4 18. Nd2 Qg6 19. Bxg4 Qxg4 20. Nf1 f5 21. a4 f4 22. e4 f3 23. Ng3 h5 24. e5 Be7 25. Re3 fxg2 26. Rbe1 h4 27. Ne2 Bg5 0-1


[Site "https://www.chess.com"]

[Event "Titled Tuesday Blitz May 23 Late 2023"]
[White "Lacasa Diaz, Jose Antonio"]
[Black "Rottenwohrer Suarez, Juan"]
[WhiteFideId "2203375"]
[BlackFideId "32068182"]
[WhiteElo "2338"]
[BlackElo "2174"]
[Result "0-1"]
[Round "06"]
[TimeControl "180+2"]
[Date "2023.05.23"]
[WhiteClock "0:01:16"]
[BlackClock "0:01:30"]

1. d4 Nf6 2. Bf4 g6 3. Nc3 d5 4. e3 Bg7 5. Be2 a6 6. Nf3 c5 7. dxc5 Qa5 8. O-O Qxc5 9. Ne5 O-O 10. Bf3 e6 11. Na4 Qa5 12. c4 Nc6 13. Nxc6 bxc6 14. Bd6 Re8 15. b4 Qd8 16. c5 e5 17. Nb6 Ra7 18. Be2 Ne4 19. Bb8 Rb7 20. f3 Nc3 21. Qd2 Nxe2+ 22. Qxe2 Rxb8 0-1


[Site "https://www.chess.com"]

[Event "Titled Tuesday Blitz May 23 Late 2023"]
[White "Srdanovic, Jovana"]
[Black "Prieto Aranguren, Alain"]
[WhiteFideId "954810"]
[BlackFideId "2268906"]
[WhiteElo "2169"]
[BlackElo "2209"]
[Result "0-1"]
[Round "06"]
[TimeControl "180+2"]
[Date "2023.05.23"]
[WhiteClock "0:00:06"]
[BlackClock "0:01:12"]

1. d4 Nf6 2. c4 g6 3. Nc3 Bg7 4. e4 O-O 5. h3 d6 6. Be3 e5 7. Nge2 Re8 8. d5 a5 9. g4 Na6 10. Ng3 Nd7 11. Qd2 Ndc5 12. Be2 c6 13. h4 cxd5 14. cxd5 Bd7 15. h5 Rb8 16. hxg6 fxg6 17. Bh6 Qe7 18. Rh2 b5 19. Bxg7 Qxg7 20. Kf1 b4 21. Nd1 Nc7 22. Kg2 Nb5 23. Bxb5 Bxb5 24. Ne3 Nd3 25. Rah1 Nf4+ 26. Kg1 Rbc8 27. Rxh7 Qxh7 28. Rxh7 Kxh7 29. g5 Re7 30. Ng4 Rec7 31. Kh2 Rc1 32. Nf6+ Kg7 33. Qe3 R8c5 34. a4 Bf1 35. Nxf1 Rxf1 36. Nd7 Rcc1 37. Qa7 Rh1+ 38. Kg3 Rh3+ 39. Kg4 Rg1# 0-1


[Site "https://www.chess.com"]

[Event "Titled Tuesday Blitz May 23 Late 2023"]
[White "Shapiro, Daniel"]
[Black "Kielinkei"]
[WhiteFideId "2001780"]
[WhiteElo "2342"]
[BlackElo "2453"]
[Result "0-1"]
[Round "06"]
[TimeControl "180+2"]
[Date "2023.05.23"]
[WhiteClock "0:00:00"]
[BlackClock "0:00:54"]

1. d4 Nf6 2. c4 e6 3. g3 c5 4. d5 exd5 5. cxd5 b5 6. Bg2 d6 7. e4 g6 8. e5 dxe5 9. d6 e4 10. Bxe4 Nxe4 11. Qd5 Nxd6 12. Bg5 Be7 13. Qe5 Rf8 14. Bh6 Rg8 15. Nc3 Bb7 16. Nd5 Nd7 17. Qf4 Bxd5 18. Nf3 Qa5+ 19. Kf1 O-O-O 20. Rd1 Nb6 21. Bg5 Bxg5 0-1


[Site "https://www.chess.com"]

[Event "Titled Tuesday Blitz May 23 Late 2023"]
[White "Kovalevsky, Stanislav"]
[Black "Bashkansky, Ethan"]
[WhiteFideId "13508598"]
[BlackFideId "2071533"]
[WhiteElo "2174"]
[BlackElo "2341"]
[Result "1/2-1/2"]
[Round "06"]
[TimeControl "180+2"]
[Date "2023.05.23"]
[WhiteClock "0:00:20"]
[BlackClock "0:00:05"]

1. c4 c6 2. e4 d5 3. exd5 cxd5 4. cxd5 Nf6 5. Nc3 Nxd5 6. Bc4 e6 7. Nge2 Be7 8. O-O O-O 9. d4 b6 10. Nxd5 exd5 11. Bd3 Ba6 12. Nf4 Bxd3 13. Qxd3 Nc6 14. Be3 Bg5 15. Rac1 Rc8 16. h3 Re8 17. Rfe1 Bxf4 18. Bxf4 Qf6 19. Be5 Nxe5 20. Rxc8 Rxc8 21. dxe5 Qe6 22. f4 g6 23. Rd1 Rd8 24. Qc3 h5 25. a3 Rc8 26. Qd4 Rc2 27. Qxd5 Qxd5 28. Rxd5 Rxb2 29. Rd8+ Kg7 30. Rd7 a6 31. e6 Rb1+ 32. Kf2 Rb2+ 33. Kf3 Rb3+ 34. Ke4 Kf6 35. e7 Rb1 36. e8=N+ Ke6 37. Ra7 a5 38. Nc7+ Kd6 39. Nd5 f5+ 40. Kd4 Rd1+ 41. Kc4 b5+ 42. Kxb5 Kxd5 43. Kxa5 Ke4 44. Rg7 Rd6 45. Kb5 Kxf4 46. a4 Kg3 47. a5 Kxg2 48. a6 f4 49. a7 Rd8 50. h4 f3 51. Rxg6+ Kh3 52. Rf6 Kg2 53. Rg6+ Kh3 54. Rd6 f2 55. Rxd8 f1=Q+ 56. Kb6 Qf2+ 57. Kb7 Qf7+ 58. Kb8 Qe7 59. Rc8 Qb4+ 60. Kc7 Qc5+ 61. Kb7 Qb5+ 62. Kc7 Qa5+ 63. Kb7 Qb5+ 64. Kc7 Qc5+ 65. Kb7 Qb5+ 1/2-1/2


[Site "https://www.chess.com"]

[Event "Titled Tuesday Blitz May 23 Late 2023"]
[White "Weinstein, Joshua Ross"]
[Black "D`Arruda, Ricardo D."]
[WhiteFideId "30927714"]
[BlackFideId "100692"]
[WhiteElo "2334"]
[BlackElo "2440"]
[Result "1-0"]
[Round "06"]
[TimeControl "180+2"]
[Date "2023.05.23"]
[WhiteClock "0:00:20"]
[BlackClock "0:00:17"]

1. e4 c5 2. Nc3 e6 3. Bc4 Nc6 4. d3 Nf6 5. Bb3 d5 6. exd5 exd5 7. Nf3 Bg4 8. h3 Bh5 9. g4 Bg6 10. Bg5 Be7 11. Qe2 O-O 12. O-O-O Na5 13. Bxf6 Nxb3+ 14. axb3 Bxf6 15. h4 Re8 16. Qd2 h5 17. Rdg1 hxg4 18. Rxg4 Bh5 19. Rg3 Qd6 20. Kb1 a6 21. Ne2 Bxf3 22. Rxf3 Qe5 23. Nc3 b5 24. h5 b4 25. Nd1 Qe2 26. Qf4 c4 27. Rg3 Be5 28. Qg4 Qxg4 29. Rxg4 cxb3 30. cxb3 Kh7 31. Ne3 Rad8 32. Rxb4 Bf6 33. Rb7 Re7 34. Rxe7 Bxe7 35. Nf5 Bc5 36. h6 g6 37. d4 Bb4 38. Ne3 f5 39. Rc1 f4 40. Ng4 Rd7 41. Nf6+ Kxh6 42. Nxd7 Kg5 43. Ne5 Bd2 44. Rg1+ Kf5 45. Rxg6 Ke4 46. Rxa6 Kxd4 47. Nf3+ Kd3 48. Nxd2 Kxd2 49. Rd6 Ke2 50. Rxd5 f3 51. Rf5 Kxf2 52. b4 Ke3 53. b5 f2 54. b6 f1=Q+ 55. Rxf1 1-0


[Site "https://www.chess.com"]

[Event "Titled Tuesday Blitz May 23 Late 2023"]
[White "Einarsson, Halldor Gretar"]
[Black "Wizard_of_Odds"]
[WhiteFideId "2300150"]
[WhiteElo "2110"]
[BlackElo "2438"]
[Result "0-1"]
[Round "06"]
[TimeControl "180+2"]
[Date "2023.05.23"]
[WhiteClock "0:00:00"]
[BlackClock "0:00:08"]

1. d4 d5 2. Nf3 Nf6 3. g3 e6 4. c4 Bb4+ 5. Bd2 a5 6. Nc3 O-O 7. Qc2 dxc4 8. Bg2 c6 9. O-O Nbd7 10. a3 Bxc3 11. bxc3 b5 12. Rfd1 Bb7 13. Bf4 Qe7 14. h4 Nd5 15. Bg5 f6 16. Bc1 N5b6 17. h5 c5 18. h6 g6 19. dxc5 Nxc5 20. Rb1 Be4 21. Qa2 Nb3 22. Rxb3 cxb3 23. Qxb3 b4 24. cxb4 Bd5 25. Qe3 Nc4 26. Qd4 Rfd8 27. Qc3 axb4 28. axb4 Rac8 29. Nd4 Bxg2 30. Kxg2 Ne5 31. Qb3 Kf7 32. Bb2 Qb7+ 33. f3 Nc4 34. Ba1 Qd5 35. e4 Qd7 36. Rc1 Ne5 37. f4 Rxc1 38. fxe5 Rxa1 39. Qf3 f5 0-1


[Site "https://www.chess.com"]

[Event "Titled Tuesday Blitz May 23 Late 2023"]
[White "Mackster23"]
[Black "Slavin, Alexey"]
[BlackFideId "24104388"]
[WhiteElo "2436"]
[BlackElo "2264"]
[Result "1-0"]
[Round "06"]
[TimeControl "180+2"]
[Date "2023.05.23"]
[WhiteClock "0:00:03"]
[BlackClock "0:00:00"]

1. e4 Nc6 2. d4 d6 3. h3 Nf6 4. Nc3 e5 5. d5 Ne7 6. Be3 a6 7. Qd2 Ng6 8. Nf3 Be7 9. Bd3 O-O 10. h4 Ng4 11. Bg5 h6 12. Bxe7 Qxe7 13. g3 f5 14. h5 Nh8 15. Nh4 f4 16. f3 Ne3 17. g4 Qg5 18. Ng2 Nxg2+ 19. Qxg2 Nf7 20. O-O-O Bd7 21. Ne2 Qd8 22. c4 Ng5 23. Kb1 c5 24. dxc6 bxc6 25. c5 d5 26. exd5 cxd5 27. Bc2 Bc6 28. Nc3 Rb8 29. Rhe1 Re8 30. Bb3 Rxb3 31. axb3 d4 32. Ne4 Bxe4+ 33. fxe4 Qb8 34. Qc2 Rc8 35. Qc4+ Kh7 36. b4 Qb7 37. Rc1 Nxe4 38. c6 Nd2+ 39. Ka1 Qb6 40. Qd3+ e4 41. Qxd2 e3 42. Qd3+ Kh8 43. Qe4 Qxb4 44. Red1 Qa4+ 45. Kb1 Rb8 46. Rxd4 Qb3 47. Qc2 Qb6 48. Rc4 e2 49. Qxe2 f3 50. Qc2 f2 51. Rf1 Qe3 52. c7 Rf8 53. c8=Q Rxc8 54. Rxc8+ 1-0


[Site "https://www.chess.com"]

[Event "Titled Tuesday Blitz May 23 Late 2023"]
[White "QuiesPrecatio"]
[Black "ThaBarWa"]
[WhiteElo "2434"]
[BlackElo "2319"]
[Result "0-1"]
[Round "06"]
[TimeControl "180+2"]
[Date "2023.05.23"]
[WhiteClock "0:00:07"]
[BlackClock "0:00:17"]

1. d4 Nf6 2. c4 e6 3. Nf3 d5 4. g3 dxc4 5. Bg2 a6 6. O-O Nc6 7. a4 Rb8 8. a5 b5 9. axb6 cxb6 10. Bg5 Bd6 11. Nbd2 b5 12. b3 h6 13. Bxf6 Qxf6 14. bxc4 b4 15. Nb3 O-O 16. e4 Bc7 17. d5 Ne5 18. Nxe5 Qxe5 19. f4 Qc3 20. Rf3 Qxc4 21. d6 Bb6+ 22. Kh1 Bb7 23. e5 Bxf3 24. Bxf3 a5 25. Rc1 Qb5 26. Bc6 Qa6 27. Ba4 Rfd8 28. Qf3 Rbc8 29. d7 Rxc1+ 30. Nxc1 Qa8 31. Bc6 Qb8 32. Nb3 Qc7 33. f5 Rxd7 34. Bxd7 Qxd7 35. fxe6 Qxe6 36. Qa8+ Kh7 37. Nxa5 Bxa5 38. Qxa5 b3 39. Qc3 Qd5+ 40. Kg1 Qd1+ 41. Kf2 Qc2+ 0-1


[Site "https://www.chess.com"]